 Dungeon Crawl Stone Soup version 0.31.0-9-g3a7656b989 (webtiles) character file.

Game seed: 8015264223141485045

86 qw the Shooter (level 4, -13/25 HPs)
             Began as a Deep Elf Hunter on Feb 2, 2024.
             Mangled by an ogre
             ... wielding a +0 giant club
              (25 damage)
             ... on level 4 of the Dungeon.
             The game lasted 00:00:06 (2135 turns).

qw the Shooter (Deep Elf Hunter)                    Turns: 2135, Time: 00:00:07

Health: -13/25     AC:  5    Str: 10    XL:     4   Next: 26%
Magic:  6/6        EV: 12    Int: 14    God:
Gold:   158        SH:  0    Dex: 18    Spells: 3/3 levels left

rFire   . . .        a - +1 shortbow (freeze)
rCold   . . .        (shield currently unavailable)
rNeg    . . .        c - +0 leather armour
rPois   .            d - +1 helmet
rElec   .            (no cloak)
rCorr   .            (no gloves)
SInv    .            (no boots)
Will    .....        (no amulet)
Stlth   ++           (no ring)
HPRegen 0.24/turn    (no ring)
MPRegen 0.10/turn

%: no passive effects
@: no status effects
A: no striking features
a: no special abilities


You were on level 4 of the Dungeon.
You visited 1 branch of the dungeon, and saw 4 of its levels.

You collected 158 gold pieces.


   Skills:
 - Level 1.5 Fighting
 + Level 7.7 Ranged Weapons
 - Level 2.4 Dodging
 - Level 1.2 Stealth


You had 3 spell levels left.
You didn't know any spells.
Your spell library was empty.

Inventory:

Hand Weapons
 a - a +1 shortbow of freezing (weapon)
Armour
 c - a +0 leather armour (worn)
 d - a +1 helmet (worn)
Potions
 e - a potion of mutation
 f - 2 potions of might
 g - a potion of cancellation

Dungeon Overview and Level Annotations

Branches:
Dungeon (4/15)
 Temple: D:4-7

Altars:


Message History

Your +0 helmet glows green for a moment.
Done exploring.
2103 ||| READING scroll labelled UMAWUE XIUJYUCW.
As you read the scroll labelled UMAWUE XIUJYUCW, it crumbles to dust.
It is a scroll of brand weapon.
2103 ||| BRANDING +1 shortbow.
Your +1 shortbow is covered with a thin layer of ice!
a - a +1 shortbow of freezing (weapon)
Done exploring.
2104 ||| DROPPING scroll of fog.
You drop a scroll of fog.
Done exploring.
2105 ||| DROPPING potion of lignification.
You drop a potion of lignification.
Done exploring.
What level of the Dungeon? (default 3, ? - help)
You swap places.
There is a stone staircase leading down here.
You climb downwards.
Your summoned allies are left behind.
The ogre shouts!
Found a beast talisman.
There is a stone staircase leading up here.
An ogre is nearby!
Waypoint 3 assigned to D:4.
You shoot an arrow. The arrow hits the ogre!
The arrow freezes the ogre.
The ogre is moderately wounded.
You shoot an arrow. The arrow hits the ogre.
The arrow freezes the ogre.
The ogre is heavily wounded.
You shoot an arrow. The arrow barely misses the ogre.
The ogre misses you.
You shoot an arrow. The arrow hits the ogre.
The arrow freezes the ogre.
The ogre is severely wounded.
You shoot an arrow.
The arrow hits the ogre but does no damage.
The ogre is severely wounded.
The ogre hits you with a +0 giant club!
Ouch! That really hurt!
You shoot an arrow. The arrow hits the ogre.
The arrow freezes the ogre.
The ogre is severely wounded.
The ogre hits you with a +0 giant club!!
Ouch! That really hurt!
You die...

#### .....
#.####......
#...@O......
...............
#########......
...... ..|..
#####


You could see an ogre.

Vanquished Creatures
  4 adders (D:3)
  4 dart slugs
  An orc (D:2)
  4 endoplasms
  A giant cockroach (D:1)
  8 goblins
  2 quokkas
  4 ball pythons
  4 bats
  2 frilled lizards
  6 kobolds
  4 rats
44 creatures vanquished.

Notes
Turn   | Place    | Note
-------+----------+-------------------------------------------
     0 | D:1      | qw the Deep Elf Hunter began the quest for the Orb.
     0 | D:1      | Reached XP level 1. HP: 12/12 MP: 3/3
     0 | D:1      | 0 ||| qw: Version: 0.3-a-155-g5e7d8dd
     0 | D:1      | 0 ||| qw: Game counter: 1175
     0 | D:1      | 0 ||| qw: Melee chars always use a shield: true
     0 | D:1      | 0 ||| qw: God list: Okawaru
     0 | D:1      | 0 ||| qw: Allow faded altars: false
     0 | D:1      | 0 ||| qw: Do Orc after clearing Dungeon:15 true
     0 | D:1      | 0 ||| qw: Do second Lair branch before Depths: true
     0 | D:1      | 0 ||| qw: Lair rune preference: random
     0 | D:1      | 0 ||| qw: Goals: Normal
     0 | D:1      | 0 ||| PLANNING D:1-11
    92 | D:1      | Reached XP level 2. HP: 16/16 MP: 4/4
   103 | D:1      | Reached skill level 6 in Ranged Weapons
   137 | D:1      | Found a faded altar of an unknown god.
   837 | D:1      | 837 ||| UPGRADING to +0 helmet.
   842 | D:1      | 842 ||| READING scroll labelled ZAILEF YDAWO.
   843 | D:1      | 843 ||| READING 2 scrolls labelled JOAXTI ZUISM.
   843 | D:1      | 843 ||| IDENTIFYING smoky inky potion
   844 | D:1      | 844 ||| READING scroll of identify.
   844 | D:1      | 844 ||| IDENTIFYING 2 fizzy silvery potions
   845 | D:1      | 845 ||| DROPPING scroll of butterflies.
   864 | D:2      | Reached XP level 3. HP: 20/20 MP: 5/5
  1352 | D:2      | 1352 ||| READING scroll labelled HYMEV MAMOODOF.
  1352 | D:2      | 1352 ||| ENCHANTING +0 shortbow.
  1403 | D:3      | 1403 ||| STAIRDANCE
  1419 | D:3      | Reached skill level 7 in Ranged Weapons
  1689 | D:3      | Reached XP level 4. HP: 25/25 MP: 6/6
  2051 | D:3      | 2051 ||| READING 2 scrolls of identify.
  2051 | D:3      | 2051 ||| IDENTIFYING inky potion
  2052 | D:3      | 2052 ||| READING scroll of identify.
  2052 | D:3      | 2052 ||| IDENTIFYING brown potion
  2053 | D:3      | 2053 ||| READING 2 scrolls labelled BYOCIA EPLA.
  2054 | D:3      | 2054 ||| READING scroll labelled HITESS ESISCH.
  2055 | D:3      | 2055 ||| READING scroll labelled LIEROADYTIK.
  2100 | D:3      | 2100 ||| READING scroll labelled XUILIT ZAIRO.
  2101 | D:3      | 2101 ||| READING scroll labelled JEMOAMUODA.
  2102 | D:3      | 2102 ||| READING scroll labelled GYHUTAEDWU.
  2102 | D:3      | 2102 ||| ENCHANTING +0 helmet.
  2103 | D:3      | 2103 ||| READING scroll labelled UMAWUE XIUJYUCW.
  2103 | D:3      | 2103 ||| BRANDING +1 shortbow.
  2104 | D:3      | 2104 ||| DROPPING scroll of fog.
  2105 | D:3      | 2105 ||| DROPPING potion of lignification.
  2129 | D:4      | Noticed an ogre
  2135 | D:4      | Mangled by an ogre

Levels and vault maps discovered:
D:1:      mrwooster_arrival_statue_2, layout_basic,
          hellmonk_ecumenical_altar_slurped_away
D:2:      layout_rooms, st_stairs_11, dk_noncrumbling_2
D:3:      layout_loops_cross
D:4:      layout_rooms, kennysheep_mini_moat

Skill      XL: |  1  2  3 |
---------------+----------+-----
Ranged Weapons | 6 7 |  7.7
Fighting       | |  1.5
Dodging        | |  2.4
Stealth        | |  1.2

Action                     |  1- 3 |  4- 6 || total
---------------------------+-------+-------++-------
   Fire: Shortbow          |    98 |    19 ||   117
    Use: Scroll            |     4 |     9 ||    13
 Armour: Leather armour    |    15 |     2 ||    17
  Dodge: Dodged            |    17 |     6 ||    23

Table legend:
 A = Non-vault XP
 B = Vault XP
 C = Vault XP percentage of total XP
 D = Non-vault monster count
 E = Vault monster count
 F = Vault count percentage of total count
                 A         B        C        D         E       F
            +---------+---------+-------+---------+---------+-------
      Total |     109 |      14 |  11.4 |      39 |       5 |  11.4
            +---------+---------+-------+---------+---------+-------
        D:1 |      35 |       2 |   5.4 |      21 |       1 |   4.5
        D:2 |      10 |      12 |  54.5 |       6 |       4 |  40.0
        D:3 |      64 |       0 |   0.0 |      12 |       0 |   0.0
            +---------+---------+-------+---------+---------+-------
